 Dungeon Crawl Stone Soup version 0.30-a0-918-g0ff054e9dc (webtiles) character file.

Game seed: 6306900538092229415

236 Newt the Shooter (level 6, -4/40 HPs)
             Began as a Kobold Hunter on Mar 20, 2023.
             Killed by nerve-wracking pain
             ... invoked by a shadow imp
              (13 damage)
             ... in a sewer.
             The game lasted 00:02:55 (2204 turns).

Newt the Shooter (Kobold Hunter)                    Turns: 2204, Time: 00:02:55

Health: -4/40      AC:  5    Str:  8    XL:     6   Next: 27%
Magic:  6/6        EV: 14    Int: 11    God:
Gold:   116        SH:  0    Dex: 20    Spells: 5/5 levels left

rFire   . . .      SeeInvis .    a - +0 shortbow
rCold   . . .      Faith    .    (shield currently unavailable)
rNeg    . . .      Spirit   .    c - +0 leather armour
rPois   .          Reflect  .    (no helmet)
rElec   .          Rampage  .    j - +0 cloak
rCorr   .                        i - +0 pair of gloves
Will    .....                    (no boots)
Stlth   +++                      (no amulet)
HPRegen 0.26/turn                (no ring)
MPRegen 0.10/turn                (no ring)

@: hasted, very quick
A: small, no large weapons, nightstalker 3
a: no special abilities


You were in a sewer.
You visited 1 branch of the dungeon, and saw 3 of its levels.
You also visited: Sewer.

You collected 116 gold pieces.

Inventory:

Hand Weapons
 a - a +0 shortbow (weapon)
Armour
 c - a +0 leather armour (worn)
 i - a +0 pair of gloves (worn)
 j - a +0 cloak (worn)
Scrolls
 b - a scroll of immolation
 h - a scroll of amnesia
 k - a scroll of blinking {unknown}
 m - 2 scrolls of identify
Potions
 d - a potion of brilliance
 f - a potion of degeneration
 g - a potion of flight
 l - a potion of lignification


   Skills:
 - Level 5.0 Fighting
 + Level 7.6 Ranged Weapons
 - Level 2.4 Dodging
 - Level 1.3 Stealth


You had 5 spell levels left.
You didn't know any spells.
Your spell library contained the following spells:

 Spells                   Type           Power      Damage    Failure   Level
 Cigotuvi's Dreadful Rot  Necr/Pois/Air  0%         N/A       61%         2
 Poisonous Vapours        Pois/Air       0%         N/A       61%         2
 Mephitic Cloud           Conj/Pois/Air  0%         N/A       83%         3


Dungeon Overview and Level Annotations

Branches:
Dungeon (3/15)              Sewer (1/1)

Altars:
Fedhas
Uskayaw


Innate Abilities, Weirdness & Mutations

You are small and have problems with some larger weapons.
You are completely attuned to the shadows.


Message History

Unknown command.
You shoot an arrow. The arrow closely misses the phantom.
The ufetubus completely misses you. x2; The phantom hits you!
The phantom blinks!
The shadow imp hits you.
The shadow imp attacks as you move away!
The shadow imp closely misses you.
The phantom hits you but does no damage.
There is an open door, spattered with blood here.
Items here: ))) ††.
You are too injured to fight recklessly!
You are too injured to fight recklessly!
You shoot an arrow. The arrow closely misses the phantom.
You hear a shout!
The phantom completely misses you. The phantom hits you!
* * * LOW HITPOINT WARNING * * *
You hear a shout!
You shoot an arrow. The arrow closely misses the phantom.
The phantom hits you.
* * * LOW HITPOINT WARNING * * *
You feel yourself speed up. The phantom closely misses you.
Unknown command.
You shoot an arrow. The arrow hits the phantom!
You destroy the phantom!
Your Ranged Weapons skill increases to level 7!
You have reached level 6!
You shoot an arrow. The arrow hits the ufetubus!
You kill the ufetubus! 2 kobolds come into view.
There is an open door, spattered with blood here.
Items here: ))) ††.
You are too injured to fight recklessly!
You shoot an arrow. The arrow hits the kobold.
You kill the kobold!
You shoot an arrow. The arrow hits the shadow imp.
The shadow imp is heavily wounded.
An ufetubus comes into view.
Unknown command.
You shoot an arrow. The arrow barely misses the shadow imp.
The shadow imp gestures at you. Pain shoots through your body!
You die...

≈≈#...≈≈≈
≈≈#...#≈≈≈
≈≈≈~≈...#≈≈≈
#≈≈≈≈≈≈#...#≈≈≈
#≈≈≈≈≈≈#...≈~≈≈
#≈≈≈≈≈.#...#≈≈≈
#≈≈≈~≈...≈....≈
#~~....#≈≈≈#..~
#.@....#≈≈≈#...
#5#######~## ##
#.)..5.# ..
#K≈)~.~..
#~≈≈≈~≈#.
########


You could see a shadow imp and a kobold.

Vanquished Creatures
  A phantom (Sewer)
  6 adders
  A river rat (D:3)
  5 ufetubi (Sewer)
  5 endoplasms
  3 giant cockroaches
  4 goblins
  5 hobgoblins
  2 jackals (D:1)
  6 quokkas
  15 ball pythons
  2 bats (D:1)
  A frilled lizard (D:3)
  18 kobolds
  4 rats
78 creatures vanquished.

Notes
Turn   | Place    | Note
-------+----------+-------------------------------------------
     0 | D:1      | Newt the Kobold Hunter began the quest for the Orb.
     0 | D:1      | Reached XP level 1. HP: 12/12 MP: 1/1
    67 | D:1      | Reached XP level 2. HP: 12/18 MP: 2/2
   351 | D:1      | Reached XP level 3. HP: 23/23 MP: 3/3
  1179 | D:2      | Found a hide-covered altar of Uskayaw.
  1286 | D:2      | Reached XP level 4. HP: 30/30 MP: 4/4
  1585 | D:3      | Upgraded the game from 0.30-a0-913-g9934a0ce24 to
                  | 0.30-a0-918-g0ff054e9dc
  1618 | D:3      | Reached skill level 5 in Fighting
  1800 | D:3      | Found a blossoming altar of Fedhas.
  1802 | D:3      | Reached XP level 5. HP: 35/35 MP: 5/5
  1990 | D:3      | Reached skill level 6 in Ranged Weapons
  2008 | D:3      | Found a glowing drain.
  2014 | Sewer    | Entered a sewer
  2177 | Sewer    | Noticed a phantom
  2198 | Sewer    | Killed a phantom
  2199 | Sewer    | Reached skill level 7 in Ranged Weapons
  2199 | Sewer    | Reached XP level 6. HP: 8/40 MP: 6/6
  2204 | Sewer    | Killed from afar by a shadow imp

Illustrated notes

Levels and vault maps discovered:
D:1:      lemuel_arrival_lava_pool, layout_loops_cross,
          chequers_serial_rivers_large_b, nicolae_eternal_life
D:2:      layout_rooms, basic_altar, kennysheep_decorative_pillar
D:3:      layout_loops_cross, mainiacjoe_overflow_concentric_impassable,
          mainiacjoe_overflow_alcove_1, portal_sewer_entry_b, st_stairs_10
Sewer:    kennysheep_sewer_church

Skill      XL: |  1  2  3  4  5 |
---------------+----------------+-----
Fighting       | 3 4 5 |  5.0
Ranged Weapons | 7 |  7.6
Dodging        | |  2.4
Stealth        | |  1.3

Action                     |  1- 3 |  4- 6 || total
---------------------------+-------+-------++-------
   Fire: Shortbow          |    71 |   129 ||   200
    Use: Scroll            |     3 |     3 ||     6
         Potion            |     1 |     1 ||     2
 Armour: Leather armour    |    18 |    31 ||    49
  Dodge: Dodged            |    60 |    72 ||   132

Table legend: (Time is in decaauts)
 A = Elapsed time spent in this place.
 B = Non-inter-level travel time spent in this place.
 C = Inter-level travel time spent in this place.
 D = Time resting spent in this place.
 E = Time spent auto-exploring this place.
 F = Levels seen in this place.
 G = Mean time per level.
                   A        B        C        D        E       F      G
               +--------+--------+--------+--------+--------+-----+--------+
         Total |   2305 |   2254 |     51 |      0 |   1830 |   4 |  576.2 |
       Dungeon |   2103 |   2052 |     51 |      0 |   1714 |   3 |  701.0 |
         Sewer |    201 |    201 |      0 |      0 |    115 |   1 |  201.0 |
               +--------+--------+--------+--------+--------+-----+--------+

Top non-repeatable levels by time:
     D:1: 1092 daAuts
     D:2: 555 daAuts
     D:3: 456 daAuts
   Sewer: 201 daAuts
